 Dungeon Crawl Stone Soup version 0.17.0 (webtiles) character file.

156 Eucla the Skirmisher (level 5, -1/47 HPs)
             Began as a Minotaur Berserker on Nov 10, 2015.
             Was a Believer of Trog.
             Slain by Eucla's ghost (11 damage)
             ... on level 3 of the Dungeon.
             The game lasted 00:02:10 (1340 turns).

Eucla the Skirmisher (Minotaur Berserker)           Turns: 1340, Time: 00:02:10

Health: -1/47      AC:  7    Str: 21    XL:     5   Next: 15%
Magic:  4/4        EV: 11    Int:  9    God:    Trog [**....]
Gold:   106        SH:  0    Dex: 11    Spells: 0 memorised, 4 levels left

rFire  . . .     SeeInvis .     a - +0 hand axe
rCold  . . .     Clarity  .     g - +0 scale mail {rPois}
rNeg   + . .     SustAt   .     (no shield)
rPois  +         Gourm    .     (helmet restricted)
rElec  .         Spirit   .     (no cloak)
rCorr  +         Warding  .     (no gloves)
rMut   .         Stasis   .     (no boots)
MR     .....                    r - amulet of resist corrosion
Stlth  ..........               (no ring)
                                m - ring of positive energy

@: brilliant, exhausted, not resistant to hostile enchantments, extremely
unstealthy
A: retaliatory headbutt, horns 2
a: Berserk, Trog's Hand, Burn Spellbooks, Renounce Religion


You were on level 3 of the Dungeon.
You worshipped Trog.
Trog was pleased with you.
You were near starving.

You visited 1 branch of the dungeon, and saw 3 of its levels.

You collected 106 gold pieces.

Inventory:

Hand Weapons
 a - a +0 hand axe (weapon)
Armour
 b - a +0 animal skin
 g - a +0 scale mail of poison resistance (worn)
Jewellery
 m - a ring of positive energy (left hand)
 r - an amulet of resist corrosion (around neck)
Scrolls
 h - a scroll of immolation {unknown}
 j - 2 scrolls of teleportation {unknown}
 n - a scroll of fear {unknown}
 o - 2 scrolls of enchant armour {unknown}
 p - a scroll of random uselessness {unknown}
 q - 2 scrolls of identify {unknown}
 u - 2 scrolls of remove curse {unknown}
Potions
 d - a potion of curing {unknown}
 e - a potion of brilliance
 f - a potion of heal wounds
 k - a potion of degeneration {unknown}
 s - a potion of haste
 v - a potion of poison {unknown}
Comestibles
 c - 4 bread rations
 i - 2 beef jerkies
 l - 4 fruits
 t - a meat ration


   Skills:
 + Level 4.7 Fighting
 + Level 4.6 Axes
 + Level 3.9 Armour
 + Level 3.5 Dodging


You had 4 spell levels left.
You didn't know any spells.

Dungeon Overview and Level Annotations

Branches:
Dungeon (3/15)

Altars:
Dithmenos
Fedhas
Nemelex Xobeh
Ru

Annotations:
D:3 Eucla's ghost, amateur MiBe


Innate Abilities, Weirdness & Mutations

You reflexively headbutt those who attack you in melee.
You have a pair of horns on your head.


Message History

Unknown command.
You hit Eucla's ghost but do no damage. Your headbutt misses Eucla's ghost.
Eucla's ghost is severely damaged.
Eucla's ghost misses you. Eucla's ghost barely misses you.
You miss Eucla's ghost.
Eucla's ghost is severely damaged.
Eucla's ghost hits you!
Unknown command.
You miss Eucla's ghost.
Eucla's ghost is severely damaged.
Eucla's ghost closely misses you.
Eucla's ghost hits you but does no damage.
Unknown command.
You barely miss Eucla's ghost. Your headbutt misses Eucla's ghost.
Eucla's ghost is severely damaged.
You feel yourself speed up. Eucla's ghost hits you!
* * * LOW HITPOINT WARNING * * *
Eucla's ghost hits you!
You die...

.#####...# #.# ## ##.##
#.# ##)## #######.####
##...## #......)...#
#.###.### #.##.#####.#
#.# #...## #.##.# #.#
#.###....## #.##.# #.#
##........###(##.# #.#
##........W@.##.#####.#
#.#.....###.##.......#
#.##...## #.#######..#
#.###.## #.# #.># #.#
### #.# #..# #.#
...######..# #.#
...........# #.#
..######.## ..# ##.##


You could see Eucla's ghost.

Vanquished Creatures
  An orc wizard (D:3)
  Ijyb (D:2)
  Terence (D:2)
  An adder (D:3)
  3 worms (D:3)
  A giant gecko (D:1)
  4 orcs (D:3)
  A giant cockroach (D:1)
  4 goblins
  7 hobgoblins
  8 kobolds
  A quokka (D:2)
  8 bats
  5 giant newts
  8 rats
54 creatures vanquished.

Notes
Turn   | Place    | Note
--------------------------------------------------------------
     0 | D:1      | Eucla the Minotaur Berserker began the quest for the Orb.
     0 | D:1      | Reached XP level 1. HP: 19/19 MP: 0/0
    89 | D:1      | Reached XP level 2. HP: 25/27 MP: 1/1
   224 | D:1      | Reached skill level 4 in Fighting
   551 | D:2      | Reached ** piety under Trog
   651 | D:2      | Found a sacrificial altar of Ru.
   652 | D:2      | Found a blossoming altar of Fedhas.
   807 | D:2      | Noticed Terence
   812 | D:2      | Reached XP level 3. HP: 33/33 MP: 2/2
   820 | D:2      | Killed Terence
   850 | D:2      | Noticed Ijyb
   862 | D:2      | Killed Ijyb
   862 | D:2      | Reached XP level 4. HP: 39/41 MP: 3/3
   891 | D:2      | Found a sparkling altar of Nemelex Xobeh.
  1071 | D:3      | Reached XP level 5. HP: 47/47 MP: 4/4
  1201 | D:3      | Found a shadowy altar of Dithmenos.
  1292 | D:3      | Noticed Eucla's ghost (amateur MiBe)
  1340 | D:3      | Slain by Eucla's ghost

Action                   |  1- 3 |  4- 6 || total
-------------------------+-------+-------++-------
Melee: Hand axe          |    71 |    89 ||   160
Invok: Berserk           |       |     1 ||     1
       Trog's Hand       |       |     1 ||     1
  Use: Potion            |       |     2 ||     2
  Eat: Chunk             |       |     1 ||     1
